Description

TvZ BC Build

Replay - HeroMarine v SortOf: Game 1 - Ephemeron LE

Build Order

Get SALT Encoding   

  12  0:00  SCV  
  13  0:13  SCV  
  14  0:17  Supply Depot  
  14  0:25  SCV  
  15  0:38  SCV  
  15  0:39  Barracks  
  16  0:44  Refinery  
  16  0:51  SCV  
  17  1:03  SCV  
  18  1:15  SCV  
  19  1:27  Reaper, Orbital Command  
  20  1:40  Command Center  
  20  1:49  Supply Depot  
  20  1:52  SCV  
  21  1:59  Marine  
  22  2:05  SCV  
  22  2:07  Factory  
  23  2:12  Refinery  
  23  2:17  SCV  
  23  2:22  Barracks Reactor  
  26  2:53  Orbital Command  
  26  2:54  Starport  
  27  3:03  Hellion x2  
  27  3:05  Marine  
  35  3:24  Supply Depot  
  35  3:25  Hellion x2  
  35  3:26  Marine  
  41  3:35  Fusion Core  
  43  3:45  Barracks Tech Lab  
  45  3:49  Hellion x2  
  45  3:55  Supply Depot  
  55  4:22  Battlecruiser  
  61  4:24  Supply Depot  
  59  4:33  Command Center  
  60  4:41  Refinery x2  
  62  4:53  Marine x2, Factory Tech Lab  
  59  5:10  Marine x2  
  60  5:19  Siege Tank  
  64  5:22  Factory x2  
  65  5:28  Marine x2  
  70  5:46  Orbital Command  
  70  5:48  Battlecruiser  
  80  6:02  Weapon Refit  
  79  6:09  Hellion x2  
  79  6:10  Factory Tech Lab  
  86  6:21  Siege Tank  
  86  6:23  Orbital Command  
  86  6:25  Command Center  
  90  6:30  Hellion x2  
  98  6:32  Siege Tank  
  98  6:33  Engineering Bay  
  98  6:34  Refinery x2  
  101  6:58  Battlecruiser  
  112  7:21  Cyclone x2  
  112  7:22  Mag-Field Accelerator  
  119  7:25  Infernal Pre-Igniter  
  126  7:37  Orbital Command  
  129  7:57  Siege Tank x2  
  138  7:59  Missile Turret  
  138  8:03  Factory x2, Armory  
  138  8:09  Armory  
  144  8:16  Command Center  
  144  8:31  Siege Tank  
  144  8:34  Orbital Command  
  150  8:47  Factory Reactor, Factory Tech Lab  
  154  8:49  Sensor Tower  
  157  8:59  Terran Vehicle And Ship Armor Level 1, Terran Vehicle Weapons Level 1  
  157  9:01  Refinery x2  
  157  9:08  Siege Tank x3  
  163  9:32  Command Center x2  
  163  9:38  Starport Reactor  
  163  9:39  Command Center  
  163  9:41  Missile Turret x2  
  163  9:43  Siege Tank  
  172  9:46  Factory  
Spawning Tool Build Advisor. Get it on Overwolf

Go to:

Details

  • Created by: Zarmoxis
  • Published on: Jan 02, 2020
  • Modified on: Jan 02, 2020
  • Patch: 4.11.0
Show
View Real Time Build Order
Export as new Build Order

Comments (0)

There are no comments. Be the first!

Create an account to comment!